 Seeded DCSS version 0.25.1-8-g42b30a86e7 (webtiles) character file.

Game seed: 20201210 (custom seed)

232 radhat240 the Caller (level 5, -6/28 HPs)
             Began as a Deep Elf Summoner on Dec 16, 2020.
             Mangled by an iguana (12 damage)
             ... on level 5 of the Dungeon on Dec 17, 2020.
             The game lasted 00:47:43 (6722 turns).

radhat240 the Caller (Deep Elf Summoner)            Turns: 6722, Time: 00:47:44

Health: -6/28      AC:  4    Str:  5    XL:     5   Next: 73%
Magic:  14/14      EV: 14    Int: 21    God:
Gold:   165        SH:  0    Dex: 15    Spells: 0/13 levels left

rFire    . . .     SeeInvis .   q - +0 rapier
rCold    . . .     Gourm    .   (no shield)
rNeg     . . .     Faith    .   a - +0 robe
rPois    .         Spirit   .   (no helmet)
rElec    .         Reflect  .   (no cloak)
rCorr    .         Harm     .   m - +0 pair of gloves
MR       .....                  k - +0 pair of boots
Stlth    +++.......             g - amulet of regeneration
HPRegen  0.49/turn              (no ring)
MPRegen  0.14/turn              (no ring)

@: no status effects
A: no striking features
a: no special abilities


You were on level 5 of the Dungeon.
You were not hungry.

You visited 1 branch of the dungeon, and saw 5 of its levels.

You collected 165 gold pieces.

Inventory:

Hand Weapons
 q - a +0 rapier (weapon)
 t - the +8 dagger "Nayrioqem" {elec, rElec rN+++ Str-5 Stlth+, unknown}
   (You found it on level 5 of the Dungeon)

   Occasionally, upon striking a foe, it will discharge some electrical energy
   and cause terrible harm.
   It affects your strength (-5).
   It insulates you from electricity.
   It renders you almost immune to negative energy.
   It makes you more stealthy.
Missiles
 f - 26 arrows
Armour
 a - a +0 robe (worn)
 k - a +0 pair of boots (worn)
 m - a +0 pair of gloves (worn)
Jewellery
 g - an amulet of regeneration (around neck)
 i - an uncursed amulet of faith {unknown}
 p - an uncursed ring of protection from fire {unknown}
Scrolls
 b - 2 scrolls of identify {unknown}
 e - 3 scrolls of amnesia {unknown}
 h - 3 scrolls of enchant armour {unknown}
 n - a scroll of immolation {unknown}
 o - a scroll of blinking {unknown}
 r - 2 scrolls of remove curse {unknown}
 s - a scroll of fear {unknown}
Potions
 j - a potion of curing
 l - a potion of brilliance {unknown}
 u - a potion of haste {unknown}
Comestibles
 c - 11 rations


   Skills:
 + Level 4.0 Dodging
 + Level 4.2 Stealth
 + Level 4.7 Spellcasting
 + Level 5.6 Summonings


You couldn't memorise any spells.
You knew the following spells:

 Your Spells              Type           Power        Failure   Level  Hunger
a - Summon Small Mammal   Summ           ####         1%          1    None
b - Call Imp              Summ           ####....     1%          2    None
c - Call Canine Familiar  Summ           ####....     3%          3    ##.....
d - Summon Guardian Gole  Hex/Summ       ###.....     11%         3    ##.....
e - Summon Ice Beast      Ice/Summ       ###.....     34%         4    ####...

Your spell library contained the following spells:

 Spells                   Type           Power        Failure   Level  Hunger
 Summon Lightning Spire   Summ/Air       ###.....     34%         4    ####...


Dungeon Overview and Level Annotations

Branches:
Dungeon (5/15)
 Temple: D:4-7

Altars:
Dithmenos
Trog
Vehumet
Yredelemnul


Message History

The iguana is heavily wounded.
Your bat hits the iguana but does no damage.
The iguana bites you!
Your bat hits the iguana but does no damage.
You hit the iguana.
The iguana is heavily wounded.
Your bat barely misses the iguana.
Your bat closely misses the iguana.
The iguana bites you!
* * * LOW HITPOINT WARNING * * *
The iguana bites you.
* * * LOW HITPOINT WARNING * * *
You closely miss the iguana.
The iguana is heavily wounded.
Your bat hits the iguana but does no damage.
The iguana barely misses you.
You closely miss the iguana.
The iguana is heavily wounded.
Your bat hits the iguana but does no damage.
The iguana bites you!
You die...

##....## #..#
#....≈###### #.#.
#...♣≈#....###...
#....≈#.(........
##....##..Z.###.?.
#....##.....# #.#.
#.####......# #..#
#.####......# ##.#
#@l.b.......###..#
######..........#.
#####'####... #.#
# #.#.. #5#.#
#.#.# #.#.#
#.#.###


You could see an iguana and a friendly bat (summoned).

Vanquished Creatures
  A frilled lizard (D:5)
1 creature vanquished.

Vanquished Creatures (collateral kills)
  A crimson imp (D:5)
  A jelly (D:5)
  2 hounds (D:5)
  2 orc wizards
  A bullfrog skeleton (D:5)
  2 worker ants
  A gnoll (D:1)
  3 adders
  An ooze (D:2)
  2 adder skeletons
  4 worms
  4 dart slugs
  4 leopard geckos
  7 orcs
  6 bats (D:1)
  6 giant cockroaches
  6 goblins
  14 hobgoblins
  4 jackals
  6 frilled lizards
  7 kobolds
  A leopard gecko skeleton (D:5)
  12 rats
97 creatures vanquished.

Grand Total: 98 creatures vanquished

Notes
Turn   | Place    | Note
-------+----------+-------------------------------------------
     0 | D:1      | radhat240 the Deep Elf Summoner began the quest for the
                  | Orb.
     0 | D:1      | Reached XP level 1. HP: 10/10 MP: 6/6
   482 | D:1      | Reached XP level 2. HP: 15/15 MP: 6/8
   486 | D:1      | Learned a level 2 spell: Call Imp
   743 | D:1      | You fall into a shaft and drop 1 floor!
  1261 | D:2      | Found a shadowy altar of Dithmenos.
  1265 | D:2      | Found a basalt altar of Yredelemnul.
  1265 | D:2      | Found a radiant altar of Vehumet.
  1474 | D:1      | Reached skill level 5 in Summonings
  1577 | D:1      | Reached XP level 3. HP: 19/19 MP: 4/9
  1582 | D:1      | Learned a level 3 spell: Call Canine Familiar
  3626 | D:3      | Reached XP level 4. HP: 18/24 MP: 0/11
  4320 | D:5      | Entered Level 5 of the Dungeon
  4331 | D:5      | Got a faintly glowing dagger
  4811 | D:4      | Noticed a moth of wrath
  4815 | D:4      | Found a bloodstained altar of Trog.
  5161 | D:5      | Noticed an ice beast
  5310 | D:5      | Reached XP level 5. HP: 8/28 MP: 0/13
  5779 | D:4      | Learned a level 3 spell: Summon Guardian Golem
  5784 | D:4      | Learned a level 4 spell: Summon Ice Beast
  6722 | D:5      | Mangled by an iguana

Illustrated notes

Levels and vault maps discovered:
D:1:      dpeg_arrival_snail, layout_basic
D:2:      layout_basic, chequers_temple_overflow_statue_of_worship,
          minmay_hedge_maze, minmay_misc_feat_five
D:3:      layout_basic
D:4:      layout_loops_ring, tgw_trog, first_ration, minmay_distorted
D:5:      layout_basic, kennysheep_nub, minmay_fractal_squares_diagonal_5,
          uniq_pikel

Skill      XL: |  1  2  3  4  5 |
---------------+----------------+-----
Summonings     | 5 |  5.6
Stealth        | 3 4 |  4.2
Dodging        | 3 4 |  4.0
Spellcasting   | 4 |  4.7

Action                   |  1- 3 |  4- 6 || total
-------------------------+-------+-------++-------
Melee: Unarmed           |    34 |    63 ||    97
       Rapier            |       |    19 ||    19
 Cast: Summon Small Mamm |   150 |    92 ||   242
       Call Imp          |    12 |    27 ||    39
       Call Canine Famil |     5 |     2 ||     7
  Use: Scroll            |       |     1 ||     1
       Potion            |       |     1 ||     1
 Stab: Sleeping          |     1 |       ||     1
  Eat: Chunk             |     5 |     2 ||     7
       Ration            |     1 |     3 ||     4
Armor: Robe              |    14 |    30 ||    44
Dodge: Dodged            |    56 |   103 ||   159
